 Dungeon Crawl Stone Soup version 0.16-a0-2818-g1ef6e07 (webtiles) character file.

24 BluebellGnoll the Magician (level 2, 0/15 HPs)
             Began as a Deep Elf Fire Elementalist on Nov 28, 2014.
             Slain by Sigmund
             ... wielding a +0 scythe
              (4 damage)
             ... on level 2 of the Dungeon.
             The game lasted 00:03:04 (819 turns).

BluebellGnoll the Magician (DEFE)                    Turns: 819, Time: 00:03:04

Health: 0/15       AC:  4    Str:  5    XL:     2   Next: 79%
Magic:  3/10       EV: 13    Int: 19    God:
Gold:   52         SH:  0    Dex: 15    Spells: 2 memorised, 7 levels left

rFire  . . .     SeeInvis .     l - +4 dagger
rCold  . . .     Clarity  .     a - +0 robe
rNeg   . . .     SustAb   .     (no shield)
rPois  .         Gourm    .     e - +0 helmet
rElec  .         Spirit   .     (no cloak)
rCorr  .         Warding  .     (no gloves)
rMut   .         Stasis   .     n - +0 pair of boots
MR     .....                    (no amulet)
Stlth  +.........               (no ring)
                                (no ring)

@: confused, very slightly contaminated, not resistant to hostile enchantments,
very unstealthy
A: no striking features
a: no special abilities


You were on level 2 of the Dungeon.
You were not hungry.

You visited 1 branch of the dungeon, and saw 2 of its levels.

You collected 52 gold pieces.

Inventory:

Hand weapons
 l - a +4 dagger (weapon)
Missiles
 i - 2 javelins (quivered)
Armour
 a - a +0 robe (worn)
 e - a +0 helmet (worn)
 n - a +0 pair of boots (worn)
Jewellery
 k - an uncursed amulet of regeneration
Scrolls
 f - a scroll of fear {unknown}
 h - 2 scrolls of recharging {unknown}
 j - a scroll of identify {unknown}
Potions
 d - a potion of resistance {unknown}
 m - a potion of haste {unknown}
 o - a potion of confusion
Books
 b - a book of Flames

   Spells                             Type                      Level
   *Flame Tongue                      Conjuration/Fire             1
   *Throw Flame                       Conjuration/Fire             2
   Conjure Flame                      Conjuration/Fire             3
   Inner Flame                        Hexes/Fire                   3
   Sticky Flame                       Conjuration/Fire             4
   Fireball                           Conjuration/Fire             5
Comestibles
 c - a bread ration
 g - a royal jelly
 p - a beef jerky
 q - a chunk of flesh


   Skills:
 - Level 2.4 Dodging
 - Level 2.4 Stealth
 + Level 4.7 Spellcasting
 - Level 1.1 Conjurations
 - Level 3.2 Fire Magic


You had 7 spell levels left.
You knew the following spells:

 Your Spells              Type           Power        Failure   Level  Hunger
a - Flame Tongue          Conj/Fire      ##...        8%          1    None
b - Throw Flame           Conj/Fire      ##....       10%         2    #......


Dungeon Overview and Level Annotations

Branches:
Dungeon (2/15)

Altars:

Annotations:
D:2 Sigmund


Message History

Aiming: Flame Tongue
Press: ? - help, Shift-Dir - straight line
Casting: Flame Tongue
Confirm with . or Enter, or press ? or * to list all spells.
Aiming: Flame Tongue
Press: ? - help, Shift-Dir - straight line You miscast Flame Tongue.
You are very lightly contaminated with residual magic.
Nothing appears to happen.
Casting: Flame Tongue
Confirm with . or Enter, or press ? or * to list all spells.
Aiming: Flame Tongue
Press: ? - help, Shift-Dir - straight line The flame tongue hits something.
Something hits you!
Ouch! That really hurt!
* * * LOW HITPOINT WARNING * * *
Drink which item? (? for menu, Esc to quit)
You are confused.
It was a potion of confusion.
Something hits you.
You die...

# ### # . ..#
# ... ..# #
#.# #.# # #.#
#.. ########
#.# #.####...
.......# #.#
#.........
...###.# #.#
#.# ##.#
#.#####@# #.#
# #.......#
#.# .#
#.#####.####
.#.###.#
#...........
.......#
#..####.####
.....### #..#
#.#
.###.#####..#
#.# .
#........#
#.# .
#.##.....#
#.#


There were no monsters in sight!

Vanquished Creatures
  An adder (D:2)
  2 bats (D:1)
  2 giant cockroaches
  3 goblins (D:1)
  2 jackals (D:1)
  2 giant newts
  2 rats (D:1)
14 creatures vanquished.

Notes
Turn   | Place    | Note
--------------------------------------------------------------
     0 | D:1      | BluebellGnoll, the Deep Elf Fire Elementalist, began the quest for the Orb.
     0 | D:1      | Reached XP level 1. HP: 10/10 MP: 5/5
   426 | D:1      | Reached XP level 2. HP: 15/15 MP: 6/8
   451 | D:1      | Reached skill level 4 in Spellcasting
   544 | D:1      | Learned a level 2 spell: Throw Flame
   812 | D:2      | Noticed Sigmund
   819 | D:2      | Slain by Sigmund

Action                   || total
-------------------------++-------
Melee: Unarmed           ||     1
       Dagger            ||     1
 Cast: Flame Tongue      ||    24
       Throw Flame       ||     2
  Use: Potion            ||     1
 Stab: Sleeping          ||     1
